 Seeded DCSS version 0.30-a0-718-geaa24f58ff (webtiles) character file.

Game seed: 5430720872467839093 (custom seed)

25081 valliere the Unseen (level 12, -1/65 HPs)
             Began as a Spriggan Artificer on Jan 25, 2023.
             Was a High Priest of Dithmenos.
             Succumbed to a cane toad's poison
             ... on level 1 of the Lair of Beasts.
             The game lasted 00:44:06 (11350 turns).

valliere the Unseen (Spriggan Artificer)           Turns: 11350, Time: 00:44:07

Health: -1/65      AC: 19    Str:  6    XL:     12   Next: 86%
Magic:  15/27      EV: 10    Int: 22    God:    Dithmenos [*****.]
Gold:   537        SH:  0    Dex: 31    Spells: 11/11 levels left

rFire   + + +      SeeInvis +    B - +3 short sword of the Manifold Quests {flame, rElec Int+5}
rCold   + + .      Faith    .    (no shield)
rNeg    + . .      Spirit   +    S - +6 shadow dragon scales
rPois   +          Reflect  .    (helmet restricted)
rElec   +          Harm     .    (no cloak)
rCorr   +          Rampage  .    (gloves unavailable)
Will    +....                    (boots unavailable) Stlth ****++++++
                                 r - amulet "Icwotsu" {Spirit rN+ Int+4}
HPRegen 0.30/turn                p - ring of Lugonu's Envy {rF+++ rC+ rCorr Str-5 Dex+6}
MPRegen 0.20/turn                w - ring of Arghiat {rPois rC+ Will- MP+9 Dex+6}

@: lethally poisoned (-1 -> -21), wreathed by umbra, studying Fighting, very
quick
A: very small, no large weapons, unfitting armour, see invisible, speed 3,
hooves 1, agile 1
a: Renounce Religion, Shadow Step, Shadow Form


You were on level 1 of the Lair of Beasts.
You worshipped Dithmenos.
Dithmenos was extremely pleased with you.
You visited 3 branches of the dungeon, and saw 13 of its levels.

You collected 593 gold pieces.
You spent 56 gold pieces at shops.

Inventory:

Hand Weapons
 q - the +9 staff of Olgreb {rPois∞}
   (You acquired it on level 2 of the Dungeon)

   It enhances your poison magic.
   It grants immunity to poison.
   It can be activated via the 'a'bility menu to radiate toxic energy, with
   effectiveness depending on Evocations skill.
 B - the +3 short sword of the Manifold Quests (weapon) {flame, rElec Int+5}
   (You found it on level 3 of the Dungeon)

   Int:       It affects your intelligence (+5).
   rElec:     It insulates you from electricity.
 O - a +5 short sword of holy wrath
Missiles
 y - a throwing net
Armour
 S - +6 shadow dragon scales (worn)
 U - +0 acid dragon scales
Jewellery
 h - an amulet of the acrobat
 n - a +6 ring of strength
 p - the ring of Lugonu's Envy (left hand) {rF+++ rC+ rCorr Str-5 Dex+6}
   (You acquired it on level 2 of the Dungeon)

   [ring of dexterity]

   Str:       It affects your strength (-5).
   Dex:       It affects your dexterity (+6).
   rF:        It renders you almost immune to fire.
   rC:        It protects you from cold.
   rCorr:     It protects you from acid and corrosion.
 r - the amulet "Icwotsu" (around neck) {Spirit rN+ Int+4}
   (You acquired it on level 2 of the Dungeon)

   [amulet of guardian spirit]

   It causes incoming damage to be divided between your reserves of health and
   magic.
   Int:       It affects your intelligence (+4).
   rN:        It protects you from negative energy.
 t - an amulet of reflection
 w - the ring of Arghiat (right hand) {rPois rC+ Will- MP+9 Dex+6}
   (You acquired it on level 2 of the Dungeon)

   [ring of dexterity]

   Dex:       It affects your dexterity (+6).
   rC:        It protects you from cold.
   rPois:     It protects you from poison.
   MP:        It affects your magic capacity (+9).
   Will:      It decreases your willpower.
 E - a +4 ring of slaying
 I - a ring of wizardry
 W - a +4 ring of slaying
Wands
 b - a wand of paralysis (10)
 c - a wand of flame (17) (quivered)
 d - a wand of charming (15)
 e - a wand of iceblast (4)
 A - a wand of mindburst (31)
 F - a wand of roots (5)
 N - a wand of quicksilver (2)
 Z - a wand of polymorph (16)
Scrolls
 g - 2 scrolls of torment {unknown}
 i - 2 scrolls of amnesia
 m - 4 scrolls of teleportation
 o - a scroll of brand weapon {unknown}
 u - a scroll of fog {unknown}
 v - 4 scrolls of immolation
 x - 2 scrolls of poison {unknown}
 C - a scroll of silence {unknown}
 G - 2 scrolls of blinking
 H - a scroll of butterflies {unknown}
 J - 3 scrolls of magic mapping
 Q - a scroll of fear {unknown}
Potions
 a - 10 potions of ambrosia
 f - 2 potions of lignification {unknown}
 k - 3 potions of attraction {unknown}
 l - 9 potions of curing {unknown}
 z - 3 potions of degeneration {unknown}
 D - 4 potions of berserk rage {unknown}
 K - a potion of magic {unknown}
 L - 2 potions of brilliance {unknown}
 M - 3 potions of resistance {unknown}
 R - a potion of might {unknown}
 T - a potion of invisibility {unknown}
 V - a potion of mutation
 X - a potion of heal wounds
 Y - a potion of flight {unknown}
Miscellaneous
 s - a condenser vane


   Skills:
 + Level 8.6 Fighting
 * Level 11.4 Short Blades
 + Level 5.5 Armour
 + Level 10.2 Dodging
 * Level 15.8 Stealth
 + Level 7.3 Invocations
 + Level 10.4 Evocations


You had 11 spell levels left.
You didn't know any spells.
Your spell library contained the following spells:

 Spells                   Type           Power      Damage    Failure   Level
 Slow                     Hex            0%         N/A       100%        1
 Sting                    Tmut/Pois      0%         1d3       100%        1
 Blink                    Tloc           0%         N/A       100%        2
 Poisonous Vapours        Pois/Air       0%         N/A       100%        2
 Static Discharge         Conj/Air       0%         2-2/arc   100%        2
 Confusing Touch          Hex            0%         N/A       100%        3
 Dazzling Flash           Conj/Hex       0%         N/A       100%        3
 Inner Flame              Hex/Fire       0%         N/A       100%        3
 Vampiric Draining        Necr           0%         2d6       100%        3
 Vhi's Electric Charge    Tloc/Air       0%         N/A       100%        3
 Flame Wave               Conj/Fire      0%         2d4       100%        4
 Iskenderun's Mystic Bla  Conj/Tloc      0%         2d3       100%        4
 Manifold Assault         Tloc           0%         N/A       100%        4
 Olgreb's Toxic Radiance  Pois           0%         N/A       100%        4
 Sticky Flame             Conj/Fire      0%         2d3       100%        4
 Summon Ice Beast         Ice/Summ       0%         N/A       100%        4
 Arcjolt                  Conj/Air       0%         1d10      100%        5
 Lightning Bolt           Conj/Air       0%         1d11      100%        5
 Summon Mana Viper        Hex/Summ       0%         N/A       100%        5
 Starburst                Conj/Fire      0%         6d3       100%        6
 Monstrous Menagerie      Summ           0%         N/A       100%        7
 Storm Form               Tmut/Air       0%         N/A       100%        7


Dungeon Overview and Level Annotations

Branches:
Dungeon (11/15)            Temple (1/1) D:4            Lair (2/5) D:11
    Orc (0/2) D:11
  Swamp: Lair:2-3    Shoals: Lair:2-3     Snake: Lair:2-3    Spider: Lair:2-3

Altars:
Ashenzari
Cheibriados
Dithmenos
Elyvilon
Fedhas
Gozag
Hepliaklqana
Kikubaaqudgha
Makhleb
Okawaru
Trog
Vehumet
Xom
The Shining One

Shops:
D:2 ?

Annotations:
D:4 1 runed translucent door, Newt's ghost, amateur DsGl
Lair:2 Gastronok


Innate Abilities, Weirdness & Mutations

You are very small and have problems with some larger weapons.
You are too small for most types of armour.
You have supernaturally acute eyesight. (SInv)
You cover ground extremely quickly. (Speed+++)
You have large cloven feet.
You are agile. (Dex +4, Str/Int -1)


Message History

The cane toad is heavily wounded.
The cane toad stings you!
You are poisoned.
The cane toad poisons you!
You feel very sick.
You feel sick.
You feel sick.
You feel very sick.
You hit the cane toad but do no damage.
You kick the cane toad, but do no damage.
The cane toad is heavily wounded.
You feel sick. The cane toad stings you.
You hit the cane toad but do no damage. Your kick misses the cane toad.
The cane toad is heavily wounded.
Your shadow hits the cane toad but does no damage.
You feel sick.
You hit the cane toad. You burn the cane toad.
You kick the cane toad, but do no damage.
The cane toad is heavily wounded.
Your shadow hits the cane toad but does no damage.
You feel sick. The cane toad stings you!
You are more poisoned.
The cane toad poisons you!
You hit the cane toad. You burn the cane toad.
You kick the cane toad, but do no damage.
The cane toad is heavily wounded.
You feel very sick. The cane toad stings you!
You are more poisoned.
The cane toad poisons you!
You are too injured to fight recklessly!
* * * LOW HITPOINT WARNING * * *
You feel very sick.
* * * LOW HITPOINT WARNING * * *
You feel very sick.
There is a stone staircase leading up here.
* * * LOW HITPOINT WARNING * * *
You feel extremely sick.
You climb upwards.
You die...

##### ####### ###########
###.#P###.P.#.#####PP..##.#.#
#............................
#...........@.##..######.....
#.#########...P##.#####......
#.###.#####...##.).....#....#
#.##..†...#...#.............#
#.##.....#....#.......P#....#
#.##......#...##......##....#
#.##.....#....######..##....#
#.##......+...#######.#.....#
#.##.....##...........[..>..#


There were no monsters in sight!

Vanquished Creatures
  4 two-headed ogres
  Urug (Lair:2)
  5 death yaks (Lair:1)
  An ugly thing (D:11)
  A manticore (D:11)
  3 elephants (Lair:2)
  Joseph (D:8)
  2 black mambas
  A gargoyle (D:11)
  A cane toad (Lair:1)
  Psyche (D:8)
  3 komodo dragons
  A queen bee (Lair:2)
  3 tyrant leeches (Lair:2)
  A troll (D:10)
  A polar bear (Lair:2)
  A hornet (D:8)
  8 blink frogs (Lair:1)
  4 wyverns
  A water elemental (D:11)
  34 yaks
  An acid dragon (D:6)
  4 water moccasins
  Duvessa (D:5)
  An ice beast (D:5)
  A black bear (Lair:1)
  8 orc warriors
  A sky beast (D:7)
  5 centaurs
  An ogre (D:7)
  3 wolves (Lair:2)
  A kobold brigand (D:10)
  Blork the orc (D:4)
  4 bullfrogs
  5 gnoll sergeants
  3 scorpions
  4 necrophages
  Dowan (D:5)
  A wight (D:6)
  4 electric eels (D:11)
  24 killer bees (Lair:2)
  3 howler monkeys (D:11)
  A crimson imp (D:7)
  A gnoll bouda (D:6)
  10 orc priests
  4 hounds
  A jelly (D:6)
  3 iguanas
  14 orc wizards
  32 gnolls
  10 adders
  A shadow imp (D:6)
  6 white imps
  An ufetubus (D:5)
  3 worms (D:4)
  A dart slug (D:4)
  41 orcs
  3 bats
  8 endoplasms
  3 giant cockroaches
  7 hobgoblins
  7 jackals
  12 kobolds
  5 quokkas
  8 ball pythons
  2 frilled lizards
  4 goblins
  3 rats
346 creatures vanquished.

Vanquished Creatures (others)
  A bush (Lair:2)
  7 fungi (Lair:2)
  13 plants
21 creatures vanquished.

Grand Total: 367 creatures vanquished

Notes
Turn   | Place    | Note
-------+----------+-------------------------------------------
     0 | D:1      | valliere the Spriggan Artificer began the quest for the
                  | Orb.
     0 | D:1      | Reached XP level 1. HP: 9/9 MP: 2/2
    41 | D:1      | Gained mutation: You are agile. (Dex +4, Str/Int -1)
                  | [potion of mutation]
    41 | D:1      | Gained mutation: You have large cloven feet. [potion of
                  | mutation]
    94 | D:1      | Reached skill level 2 in Stealth
   179 | D:1      | Reached skill level 1 in Fighting
   179 | D:1      | Reached XP level 2. HP: 14/14 MP: 3/3
   450 | D:1      | Reached skill level 1 in Short Blades
   966 | D:2      | Identified 3 scrolls of acquirement
   966 | D:2      | Acquired the +9 staff of Olgreb {rPois∞}
   966 | D:2      | Found the +9 staff of Olgreb {rPois∞}
   968 | D:2      | Acquired the amulet "Icwotsu" {Spirit rN+ Int+4}
   970 | D:2      | Acquired the ring of Lugonu's Envy {rF+++ rC+ rCorr Str-5
                  | Dex+6}
  1020 | D:2      | Reached XP level 3. HP: 18/18 MP: 4/4
  1132 | D:2      | Reached skill level 3 in Stealth
  1314 | D:2      | Noticed a necrophage
  1329 | D:2      | Killed a necrophage
  1330 | D:2      | Reached skill level 1 in Invocations
  1330 | D:2      | Reached XP level 4. HP: 22/22 MP: 5/5
  1429 | D:2      | Acquired the ring of Arghiat {rPois rC+ Will- MP+9 Dex+6}
  1713 | D:2      | Found Doddoiw's Magic Scroll Shoppe.
  1718 | D:2      | Bought a scroll of identify for 28 gold pieces
  1718 | D:2      | Bought a scroll of identify for 28 gold pieces
  1819 | D:3      | Found a faded altar of an unknown god.
  1946 | D:3      | Reached XP level 5. HP: 22/25 MP: 6/6
  1954 | D:3      | Reached skill level 1 in Armour
  1954 | D:3      | Reached skill level 4 in Stealth
  2344 | D:3      | Reached XP level 6. HP: 30/30 MP: 8/8
  2381 | D:3      | Identified the +3 short sword of the Manifold Quests
                  | {flame, rElec Int+5}
  2499 | D:3      | Found an iron altar of Okawaru.
  2633 | D:3      | Identified the +2 robe of Binutifa {rPois Dex+5}
  3013 | D:4      | Reached skill level 5 in Stealth
  3013 | D:4      | Reached skill level 5 in Evocations
  3091 | D:4      | Found a runed translucent door.
  3092 | D:4      | Found a staircase to the Ecumenical Temple.
  3101 | Temple   | Entered the Ecumenical Temple
  3134 | Temple   | Became a worshipper of Dithmenos the Shadowed
  3182 | D:4      | Noticed Newt's ghost (amateur DsGl)
  3437 | D:4      | Noticed Blork the orc
  3449 | D:4      | Killed Blork the orc
  3450 | D:4      | Reached XP level 7. HP: 31/35 MP: 9/9
  3691 | D:5      | Entered Level 5 of the Dungeon
  3692 | D:5      | Noticed a two-headed ogre
  3862 | D:5      | Killed a two-headed ogre
  3863 | D:5      | Reached skill level 5 in Dodging
  3863 | D:5      | Reached skill level 7 in Stealth
  3863 | D:5      | Reached XP level 8. HP: 29/40 MP: 5/11
  3885 | D:5      | Reached skill level 5 in Short Blades
  4047 | D:5      | Reached * piety under Dithmenos
  4270 | D:5      | Noticed Duvessa
  4277 | D:5      | Killed Duvessa
  4277 | D:5      | Noticed Dowan
  4278 | D:5      | Reached skill level 8 in Stealth
  4287 | D:5      | Killed Dowan
  4692 | D:6      | Noticed a two-headed ogre
  4695 | D:6      | Killed a two-headed ogre
  4696 | D:6      | Reached skill level 9 in Stealth
  4696 | D:6      | Reached XP level 9. HP: 46/46 MP: 12/12
  4740 | D:6      | Found an opulent altar of Gozag.
  4755 | D:6      | Found a broken altar of Ashenzari.
  4901 | D:6      | Found a white marble altar of Elyvilon.
  4901 | D:6      | Found an ancient bone altar of Kikubaaqudgha.
  4906 | D:6      | Found a blossoming altar of Fedhas.
  4906 | D:6      | Found a burning altar of Makhleb.
  5219 | D:6      | Reached ** piety under Dithmenos
  5763 | D:7      | Reached skill level 10 in Stealth
  5822 | D:7      | Reached skill level 5 in Fighting
  6497 | D:8      | Noticed Joseph
  6528 | D:8      | Killed Joseph
  6529 | D:8      | Reached XP level 10. HP: 10/51 MP: 4/14
  6893 | D:8      | Noticed Psyche
  6911 | D:8      | Reached skill level 11 in Stealth
  6916 | D:8      | Killed Psyche
  6917 | D:8      | Reached skill level 5 in Invocations
  7040 | D:8      | Reached *** piety under Dithmenos
  7061 | D:8      | Found a bloodstained altar of Trog.
  7079 | D:8      | You fall into a shaft and drop 3 floors!
  7329 | D:11     | Reached skill level 12 in Stealth
  7351 | D:11     | Noticed a manticore
  7357 | D:10     | Entered Level 10 of the Dungeon
  7463 | D:10     | Noticed a two-headed ogre
  7472 | D:10     | Killed a two-headed ogre
  7473 | D:10     | Reached XP level 11. HP: 58/58 MP: 16/16
  7659 | D:10     | Reached **** piety under Dithmenos
  7796 | D:10     | Noticed a two-headed ogre
  7887 | D:10     | Killed a two-headed ogre
  7888 | D:10     | Reached skill level 13 in Stealth
  8176 | D:11     | Noticed a red ugly thing
  8270 | D:11     | Killed a red ugly thing
  8648 | D:11     | Found a staircase to the Lair.
  9024 | D:11     | Found a staircase to the Orcish Mines.
  9285 | Lair:1   | Entered Level 1 of the Lair of Beasts
  9379 | Lair:1   | Reached skill level 10 in Short Blades
  9379 | Lair:1   | Reached skill level 14 in Stealth
  9544 | Lair:1   | Reached ***** piety under Dithmenos
  9547 | Lair:1   | Reached XP level 12. HP: 64/64 MP: 16/17
  9612 | Lair:1   | Noticed a death yak
  9613 | Lair:1   | Noticed a death yak
  9614 | Lair:1   | Noticed a death yak
  9617 | Lair:1   | Noticed a death yak
  9618 | Lair:1   | Killed a death yak
  9620 | Lair:1   | Noticed a death yak
  9622 | Lair:1   | Killed a death yak
  9623 | Lair:1   | Reached skill level 5 in Armour
  9624 | Lair:1   | Killed a death yak
  9627 | Lair:1   | Killed a death yak
  9628 | Lair:1   | Killed a death yak
  9902 | Lair:1   | Reached skill level 15 in Stealth
 10248 | Lair:1   | Reached skill level 10 in Evocations
 10557 | Lair:2   | Reached skill level 10 in Dodging
 10710 | Lair:2   | Noticed Urug
 10729 | Lair:2   | Killed Urug
 11331 | Lair:2   | Noticed Gastronok
 11350 | Lair:1   | Succumbed to a cane toad's poison

Illustrated notes

Levels and vault maps discovered:
D:1:      dpeg_arrival_boxes_within_box, layout_basic
D:2:      layout_loops_ring, serial_shops, shop, nicolae_kite_square_tiling_tiny
D:3:      layout_rooms, okawaru_metal_pillars_3, ebering_ecumenical_altar_rust
D:4:      layout_basic, minmay_temple_entry_overgrown, ebering_ghost_sewer_d,
          minmay_manual_monstrance, uniq_blork_the_orc
D:5:      layout_basic, uniq_duvessa
D:6:      layout_gridville, mainiacjoe_overflow_tiny_flanked,
          grunt_temple_overflow_open, cheibrodos_ashenzari_chains, minivault_5,
          minmay_pentangle
D:7:      layout_cave_pools, minmay_fire_ice_demons
D:8:      layout_basic, trog_wizard, chequers_serial_rivers_marsh, uniq_psyche,
          uniq_joseph
D:10:     layout_cave_pools, dk_noncrumbling_3
D:11:     layout_cave_pools, lair_entry_dummy, erik_orc_2
Temple:   oiseaux_autumnal_temple
Lair:1:   layout_regular_city
Lair:2:   layout_roguey, minmay_swamp_entry_worms, special_room
          [special_room_bee], grunt_megastairs_3, uniq_gastronok, uniq_urug

Skill      XL: |  1  2  3  4  5  6  7  8  9 10 11 12 |
---------------+-------------------------------------+-----
Stealth        | 2 3 4 5 7 9 10 12 14 15 | 15.8
Fighting       | 1 2 3 4 5 6 7 8 |  8.6
Short Blades   | 1 2 3 4 6 7 8 10 11 | 11.4
Invocations    | 1 2 3 4 5 6 7 |  7.3
Armour         | 1 2 3 4 5 |  5.5
Dodging        | 4 5 6 7 8 9 10 | 10.2
Evocations     | 5 6 7 8 9 10 | 10.4

Action                     |  1- 3 |  4- 6 |  7- 9 | 10-12 || total
---------------------------+-------+-------+-------+-------++-------
  Melee: Short sword       |    76 |    94 |   193 |   410 ||   773
         Kick              |    20 |    35 |    64 |   176 ||   295
         Punch             |     1 |     2 |     2 |     8 ||    13
         Staff             |     2 |     1 |       |     1 ||     4
Ability: Evoke the Staff o |     1 |    10 |    15 |    52 ||    78
  Evoke: Wand              |     8 |     3 |     2 |     8 ||    21
    Use: Potion            |     1 |       |       |       ||     1
         Scroll            |     3 |     1 |    11 |     6 ||    21
   Stab: Sleeping          |     4 |     6 |    28 |    20 ||    58
         Distracted        |       |       |       |     5 ||     5
         Paralysed         |       |       |       |     1 ||     1
 Armour: Robe              |     4 |     4 |     4 |       ||    12
         Shadow dragon sca |       |       |    27 |   115 ||   142
  Dodge: Dodged            |    64 |    59 |    89 |    94 ||   306

Table legend: (Time is in decaauts)
 A = Elapsed time spent in this place.
 B = Non-inter-level travel time spent in this place.
 C = Inter-level travel time spent in this place.
 D = Time resting spent in this place.
 E = Time spent auto-exploring this place.
 F = Levels seen in this place.
 G = Mean time per level.
                   A        B        C        D        E       F      G
               +--------+--------+--------+--------+--------+-----+--------+
         Total |   8261 |   8066 |    195 |    199 |   6073 |  13 |  635.5 |
       Dungeon |   6635 |   6462 |    173 |    199 |   4797 |  10 |  663.5 |
        Temple |     38 |     22 |     16 |      0 |     12 |   1 |   38.0 |
          Lair |   1588 |   1583 |      5 |      0 |   1263 |   2 |  794.0 |
               +--------+--------+--------+--------+--------+-----+--------+

Top non-repeatable levels by time:
    D:11: 1074 daAuts
     D:6: 890 daAuts
  Lair:1: 866 daAuts
  Lair:2: 722 daAuts
     D:2: 690 daAuts
     D:4: 669 daAuts
    D:10: 625 daAuts
     D:1: 602 daAuts
     D:3: 592 daAuts
     D:5: 524 daAuts
     D:8: 514 daAuts
     D:7: 449 daAuts
  Temple: 38 daAuts
